AoeStats
← NDF

Arabia

506540050Analyzed
2v2 RM · 18d ago on Sep 14, 2026· 65m 37s· 4 players
Game mode
Random Map
Map size
Medium (4 player)
Population
200
Speed
Normal
Resources
Standard
Victory
Conquest
Starting age
Dark Age
Ending age
Imperial Age
RankedLock teamsTeams togetherTeam positionsShared explorationLock speedFull tech treeHidden civsTurbo modeCheats
Victory
Defeat
🇦🇷 Teutons · Argentina
743
+16
🇦🇷 Spanish · Argentina
742
+17
🇨🇴 Teutons · Colombia
776
-17
🇲🇽 Saracens · Mexico
747
-16
NDF
3:11 Loom
12:44 Feudal Age
20:05 Castle Age
18:08 Horse Collar
19:15 Double-Bit Axe
19:25 Gold Mining
19:30 Stone Mining
22:09 Crossbowman
26:13 Elite Skirmisher
28:17 Padded Archer Armor
28:09 Fletching
30:07 Heavy Plow
32:30 Bow Saw
34:02 Stone Shaft Mining
37:05 Imperial Age
37:45 Elite Teutonic Knight
39:04 Hoardings
39:03 Town Watch
40:01 Capped Ram
45:49 Ironclad
47:33 Sappers
57:21 Wheelbarrow
60:08 Masonry
59:52 Heated Shot
60:52 Arson
61:08 Squires
60:29 Pikeman
62:22 Fortified Wall
63:38 Forging
63:30 Scale Mail Armor
63:36 Scale Barding Armor
63:47 Leather Archer Armor
63:28 Bodkin Arrow
estebanpa
5:15 Loom
11:21 Feudal Age
12:07 Arson
12:15 Double-Bit Axe
13:31 Wheelbarrow
12:29 Man-at-Arms
19:13 Horse Collar
23:43 Castle Age
23:14 Scale Mail Armor
23:24 Forging
23:53 Stone Mining
24:53 Chain Mail Armor
25:42 Bow Saw
27:31 Stone Shaft Mining
30:21 Imperial Age
29:10 Iron Casting
28:44 Scale Barding Armor
28:34 Gold Mining
33:36 Plate Mail Armor
34:07 Blast Furnace
33:28 Chain Barding Armor
33:16 Squires
32:38 Pikeman
36:02 Redemption
36:10 Block Printing
36:20 Illumination
39:23 Fervor
39:50 Theocracy
39:17 Halberdier
52:08 Bloodlines
51:19 Cavalier
52:00 Husbandry
53:20 Hoardings
54:45 Plate Barding Armor
54:33 Paladin
juanette
12:03 Feudal Age
12:32 Double-Bit Axe
13:48 Wheelbarrow
18:32 Castle Age
18:32 Gold Mining
19:01 Town Watch
28:53 Loom
29:20 Stone Mining
31:53 Horse Collar
33:04 Redemption
33:05 Fervor
33:32 Hand Cart
33:12 Pikeman
36:01 Heavy Plow
36:09 Murder Holes
39:20 Imperial Age
37:23 Bimaristan
38:22 Town Patrol
37:55 Elite Skirmisher
39:03 Bow Saw
39:46 Scale Barding Armor
39:08 Crossbowman
39:53 Heavy Camel Rider
41:12 Chain Barding Armor
42:20 Chemistry
41:33 Masonry
42:00 Forging
41:51 Scale Mail Armor
41:51 Padded Archer Armor
45:14 Gold Shaft Mining
50:04 Arbalester
50:51 Thumb Ring
58:26 Sanctity
jack_camman
1:00 Loom
2:24 Loom
2:53 Loom
10:25 Feudal Age
10:56 Double-Bit Axe
11:00 Horse Collar
12:11 Wheelbarrow
19:01 Stone Mining
21:46 Castle Age
21:19 Gold Mining
22:05 Town Watch
23:32 Fervor
25:06 Sanctity
29:37 Heavy Plow
30:07 Redemption
34:47 Imperial Age
36:14 Block Printing
36:26 Illumination
37:19 Cavalier
45:34 Devotion
45:37 Atonement
45:23 Paladin
48:07 Crossbowman
51:08 Scale Barding Armor
51:04 Scale Mail Armor
57:18 Hand Cart
57:04 Town Patrol
Connection lost

Rejoining the realm…

Still unreachable

The connection could not be restored.

Session expired

The server has moved on; the page needs a fresh start.